 Dungeon Crawl Stone Soup version 0.17-a0-1468-gbf503c2 (webtiles) character file.

98 pulse the Chopper (level 5, 0/61 HPs)
             Began as a Formicid Berserker on July 1, 2015.
             Was a Believer of Trog.
             Killed by divine providence
             ... invoked by an orc priest
              (10 damage)
             ... on level 3 of the Dungeon.
             The game lasted 00:05:58 (2554 turns).

pulse the Chopper (Formicid Berserker)              Turns: 2554, Time: 00:05:59

Health: 0/61       AC: 22    Str: 23    XL:     5   Next: 0%
Magic:  5/5        EV:  2    Int:  6    God:    Trog [**....]
Gold:   139        SH:  8    Dex: 10    Spells: 0 memorised, 4 levels left

rFire  . . .     SeeInvis .     a - +1 hand axe
rCold  . . .     Clarity  .     (armour currently unavailable)
rNeg   + + +     SustAt   .     e - +0 shield
rPois  +         Gourm    .     (helmet unavailable)
rElec  .         Spirit   .     (cloak currently unavailable)
rCorr  .         Warding  .     (gloves currently unavailable)
rMut   .         Stasis   +     (boots currently unavailable)
MR     .....                    (no amulet)
Stlth  +.........               (no ring)
                                (no ring)

@: tree-form, not resistant to hostile enchantments, very unstealthy
A: permanent stasis, dig shafts and tunnels, four strong arms, (antennae 0)
a: Burn Spellbooks, Trog's Hand, Renounce Religion


You were on level 3 of the Dungeon.
You worshipped Trog.
Trog was pleased with you.
You were very hungry.
You were a tree.
You visited 1 branch of the dungeon, and saw 4 of its levels.

You collected 139 gold pieces.

Inventory:

Hand weapons
 a - a +1 hand axe (weapon)
Armour
 e - a +0 shield (worn)
 f - a +0 pair of gloves (melded)
 g - a +0 pair of boots (melded)
 k - a +0 ring mail (melded)
Scrolls
 b - a scroll of random uselessness
 d - a scroll of remove curse
 j - a scroll of recharging {unknown}
Potions
 h - a potion of mutation
Comestibles
 c - 3 bread rations


   Skills:
 + Level 3.3 Fighting
 * Level 4.9 Axes
 + Level 2.2 Armour
 - Level 1.7 Dodging
 + Level 1.7 Shields


You had 4 spell levels left.
You didn't know any spells.

Dungeon Overview and Level Annotations

Branches:
Dungeon (4/15)
 Temple: D:4-7

Altars:
Ashenzari
Fedhas
Ru
Trog

Annotations:
D:3 pulse's ghost, average FoBe
D:4 pulse's ghost, experienced FoBe


Innate Abilities, Weirdness & Mutations

You are under a permanent stasis effect.
You can dig through walls and to a lower floor.
Your four strong arms can wield two-handed weapons with a shield.
((You have a pair of large antennae on your head (SInv).))


Message History

Your +0 ring mail melds into your body.
Your roots penetrate the ground.
The orc priest mumbles some strange prayers to Beogh against you.
You are unaffected.
The orc priest hits you but does no damage.
The orc hits you with a short sword.
* * * LOW HITPOINT WARNING * * *
Drink which item? (? for menu, Esc to quit)
Okay, then.
Read which item? (? for menu, Esc to quit)
As you read the scroll labeled DYXKOUVVYER, it crumbles to dust.
Your +1 hand axe glows dull marigold for a moment.
It was a scroll of random uselessness.
The orc priest hits you but does no damage.
The orc hits you but does no damage. You block the orc priest's attack.
Read which item? (? for menu, Esc to quit)
As you read the scroll labeled VOSHRA SEDAUF, it crumbles to dust.
You feel forgetful for a moment.
It was a scroll of amnesia.
The orc priest mumbles some strange prayers to Beogh against you.
Something smites you!
You die...

###............
..............#
#............##
.####........##
{..........####
........###
..############..#
......oo........#
..#.###♣....##..#
......o.........#
...?.##.....#####
.##. #.....# { {
# #######{ {


You could see 2 orc priests and an orc.

Vanquished Creatures
  Jessica (D:2)
  2 adders (D:2)
  2 worms (D:2)
  2 orcs (D:3)
  3 hobgoblins
  3 quokkas
  2 ball pythons (D:2)
  9 bats
  5 giant cockroaches
  9 giant newts
  3 goblins
  6 kobolds
  6 rats
53 creatures vanquished.

Notes
Turn   | Place    | Note
--------------------------------------------------------------
     0 | D:1      | pulse the Formicid Berserker began the quest for the Orb.
     0 | D:1      | Reached XP level 1. HP: 18/18 MP: 1/1
   258 | D:1      | Reached XP level 2. HP: 20/24 MP: 2/2
   642 | D:1      | Acquired Trog's second power
   754 | D:1      | Reached XP level 3. HP: 26/29 MP: 3/3
  1156 | D:2      | Reached skill level 4 in Axes
  1255 | D:2      | Noticed Jessica
  1262 | D:2      | Killed Jessica
  1262 | D:2      | Reached skill level 1 in Shields
  1262 | D:2      | Reached XP level 4. HP: 21/35 MP: 4/4
  2100 | D:3      | Found a bloodstained altar of Trog.
  2112 | D:3      | Found a blossoming altar of Fedhas.
  2122 | D:3      | Found a sacrificial altar of Ru.
  2129 | D:3      | Found a shattered altar of Ashenzari.
  2206 | D:3      | Noticed pulse's ghost (average FoBe)
  2247 | D:4      | Noticed pulse's ghost (experienced FoBe)
  2550 | D:3      | Reached XP level 5. HP: 16/41 MP: 5/5
  2554 | D:3      | Killed from afar by an orc priest

Vault maps used:
D:1:      dpeg_arrival_snail, roderic_roman_lattice, minmay_misc_feat_diagonals
D:2:      fountainhead, uniq_jessica
D:3:      cheibriados_altar_wand_db, grunt_temple_overflow_cloverleaf,
          first_bread, roderic_serpentine_path
D:4:      minivault_19, minmay_gold_behind_fungi, minmay_item_behind_shaft,
          tgw_sif

Action                   |  1- 3 |  4- 6 || total
-------------------------+-------+-------++-------
Melee: Hand axe          |   103 |    73 ||   176
Invok: Burn Spellbooks   |       |     1 ||     1
  Use: Scroll            |     4 |     5 ||     9
       Potion            |       |     2 ||     2
  Eat: Chunk             |     1 |     3 ||     4
